 Dungeon Crawl Stone Soup version 0.30-b1-5-g8e6c1be481 (webtiles) character file.

Game seed: 833407872069568970

559 RascalDebosk the Magician (level 7, -1/53 HPs)
             Began as a Djinni Conjurer on May 3, 2023.
             Slain by a troll (12 damage)
             ... on level 5 of the Dungeon on May 4, 2023.
             The game lasted 00:35:23 (4616 turns).

RascalDebosk the Magician (Djinni Conjurer)         Turns: 4616, Time: 00:35:24

Health: -1/53      AC:  4    Str:  6    XL:     7   Next: 57%
Gold:   221        EV: 11    Int: 22    God:
                   SH:  0    Dex: 11

rFire   + + .        t - +2 short sword (elec)
rCold   x . .        (no shield)
rNeg    . . .        f - +0 leather armour
rPois   ∞            (no helmet)
rElec   .            (no cloak)
rCorr   .            e - +0 pair of gloves
SInv    .            (boots unavailable)
Will    .....        (no amulet)
Stlth   +            (no ring)
HPRegen 0.28/turn    (no ring)
MPRegen 0.00/turn

%: infuse magic (-2 HP)
@: flying, very slightly contaminated
A: sickness immunity, fire resistance 2, cold vulnerability 1, float, innate
caster, HP casting, extra vitality 1
a: no special abilities


You were on level 5 of the Dungeon.
You visited 2 branches of the dungeon, and saw 6 of its levels.

You collected 281 gold pieces.
You spent 60 gold pieces at shops.

Inventory:

Hand Weapons
 o - a +0 falchion
 t - a +2 short sword of electrocution (weapon)
Armour
 e - a +0 pair of gloves (worn)
 f - a +0 leather armour (worn)
Scrolls
 a - a scroll of silence {unknown}
 c - a scroll of fear {unknown}
 h - 3 scrolls of noise {unknown}
 i - a scroll of identify
 n - a scroll of magic mapping {unknown}
 p - a scroll of amnesia {unknown}
 q - a scroll of enchant armour {unknown}
 r - a scroll of fog {unknown}
 s - a scroll of vulnerability {unknown}
Potions
 b - 3 potions of haste
 d - 3 potions of heal wounds
 g - a potion of curing {unknown}
 j - a potion of mutation {unknown}
 k - a potion of brilliance {unknown}
 l - a potion of attraction
 m - a potion of lignification
 u - a potion of flight {unknown}


   Skills:
 * Level 4.5 Fighting
 + Level 3.1 Armour
 - Level 2.1 Dodging
 - Level 1.5 Stealth
 * Level 4.9 Spellcasting


You knew the following spells:

 Your Spells              Type           Power      Damage    Failure   Level
a - Magic Dart            Conj           100%       1d8       1%          1
b - Searing Ray           Conj           54%        2d6       3%          2
c - Dazzling Flash        Conj/Hex       54%        N/A       6%          3
d - Fulminant Prism       Conj/Hex       13%        3d9       21%         4
e - Iskenderun's Mystic   Conj/Tloc      27%        2d7       21%         4
f - Freeze                Ice            100%       1d10      1%          1
g - Blink                 Tloc           54%        N/A       3%          2
h - Passwall              Tmut/Erth      22%        N/A       3%          2
Your spell library was empty.

Dungeon Overview and Level Annotations

Branches:
Dungeon (5/15)             Temple (1/1) D:5

Altars:
Dithmenos
Fedhas
Gozag
Hepliaklqana
Nemelex Xobeh
Okawaru
Qazlal
Ru
Uskayaw
Yredelemnul
Zin
The Shining One

Shops:
D:2 !   D:4 :


Innate Abilities, Weirdness & Mutations

You are immune to sickness and miasma.
You are immune to poison.
Your flesh is very heat resistant. (rF++)
You are vulnerable to cold. (rC-)
You float through the air rather than walking.
You learn spells naturally, not from books.
Your magical power is your life essence.
You have superior vitality. (+4 MHP)


Message History

Things that are here:
a +0 dagger; an orc corpse You see here a +0 mace.
There is an open door here.
There is an open door here.
A troll comes into view.
A troll is nearby!
The troll shouts!
Casting: Magic Dart (safe; 1% risk of failure)
Confirm with . or Enter, or press ? or * to list all spells.
Aiming: Magic Dart (safe; 1% risk of failure)
Press: ? - help, Shift-Dir - straight line, f - troll
Aim: a troll (100% to hit)
The magic dart hits the troll.
The troll is lightly wounded.
Casting: Magic Dart (safe; 1% risk of failure)
Confirm with . or Enter, or press ? or * to list all spells.
Aiming: Searing Ray (safe; 3% risk of failure)
Press: ? - help, Shift-Dir - straight line, f/p - troll
Aim: a troll (lightly wounded, 79% to hit)
You miscast Searing Ray.
You are very lightly contaminated with residual magic.
Nothing appears to happen.
Casting: Searing Ray (safe; 3% risk of failure)
Confirm with . or Enter, or press ? or * to list all spells.
Aiming: Searing Ray (safe; 3% risk of failure)
Press: ? - help, Shift-Dir - straight line, f/p - troll
Aim: a troll (79% to hit)
The searing ray misses the troll. (Press . to maintain the ray.)
The searing ray hits the troll.
The troll is lightly wounded.
Casting: Searing Ray (safe; 3% risk of failure)
Confirm with . or Enter, or press ? or * to list all spells.
The spell is quite dangerous to miscast (21% risk of failure)!
Continue anyway?
You erupt in a blast of force!
The mystic blast hits the troll!
The troll is moderately wounded.
The troll is knocked back by the mystic blast.
Casting: Iskenderun's Mystic Blast (quite dangerous; 21% risk of failure)
Confirm with . or Enter, or press ? or * to list all spells.
The spell is quite dangerous to miscast (21% risk of failure)!
Continue anyway?
You miscast Iskenderun's Mystic Blast.
Nothing appears to happen.
Casting: Iskenderun's Mystic Blast (quite dangerous; 21% risk of failure)
Confirm with . or Enter, or press ? or * to list all spells.
The spell is quite dangerous to miscast (21% risk of failure)!
Continue anyway?
You erupt in a blast of force!
The mystic blast hits the troll.
The troll is moderately wounded.
The troll is knocked back by the mystic blast.
Unknown command.
Casting: Iskenderun's Mystic Blast (quite dangerous; 21% risk of failure)
Confirm with . or Enter, or press ? or * to list all spells.
The spell is quite dangerous to miscast (21% risk of failure)!
Continue anyway?
Aiming: Fulminant Prism (quite dangerous; 21% risk of failure)
Press: ? - help, Dir - move target, p - troll You conjure a prism of explosive energy!
A fulminant prism comes into view.
The troll barely misses you. The troll claws you but does no damage.
The troll claws you.
Casting: Fulminant Prism (quite dangerous; 21% risk of failure)
Confirm with . or Enter, or press ? or * to list all spells.
The spell is quite dangerous to miscast (21% risk of failure)!
Continue anyway?
You erupt in a blast of force!
The mystic blast hits the troll.
The troll is heavily wounded.
The troll barely misses you. The troll claws you!
* * * LOW HITPOINT WARNING * * *
The troll closely misses you.
Your fulminant prism crackles loudly.
Casting: Iskenderun's Mystic Blast (quite dangerous; 21% risk of failure)
Confirm with . or Enter, or press ? or * to list all spells.
Aiming: Searing Ray (safe; 3% risk of failure)
Press: ? - help, Shift-Dir - straight line, f - fulminant prism
Aim: a fulminant prism (friendly, 100% to hit)
Really fire at your fulminant prism?
Okay, then.
Casting: Searing Ray (safe; 3% risk of failure)
Confirm with . or Enter, or press ? or * to list all spells.
Aiming: Magic Dart (safe; 1% risk of failure)
Press: ? - help, Shift-Dir - straight line, f - troll, p - fulminant prism
Aim: a troll (moderately wounded, ally target, 100% to hit)
The magic dart hits the troll but does no damage.
The troll is moderately wounded.
* * * LOW HITPOINT WARNING * * *
The troll completely misses you. The troll claws you.
* * * LOW HITPOINT WARNING * * *
The troll barely misses you.
Your fulminant prism explodes!
The blast of energy engulfs the troll!
The troll is severely wounded.
You hear a howl!
Casting: Magic Dart (safe; 1% risk of failure)
Confirm with . or Enter, or press ? or * to list all spells.
Aiming: Searing Ray (safe; 3% risk of failure)
Press: ? - help, Shift-Dir - straight line, f/p - troll
Aim: a troll (severely wounded, 79% to hit)
The searing ray hits the troll.
The troll is almost dead. (Press . to maintain the ray.)
* * * LOW HITPOINT WARNING * * *
The troll bites you!
You die...

##.## #.........# #. #.#
#.######..# ## #.# #.#
###...# ##+# #.# #.....#
##### #...# #.# #.#..(#
#.... .....##.# #.###.#
#.###
......#.###..##.####.##.
...................#.##.
......T@................
.......####...####.#..>.
......# #...### #.####.
.....# #.....# #.# ##
#...# #...#.###.# ##+#
###.......# ###.#####
#.# #.#


You could see a troll.

Vanquished Creatures
  2 scorpions (D:4)
  A howler monkey (D:4)
  A jelly (D:5)
  2 orc priests (D:3)
  2 hounds
  An iguana (D:5)
  5 gnolls
  8 adders
  2 worms (D:2)
  2 dart slugs
  12 orcs
  5 ball pythons
  6 bats
  4 endoplasms
  4 giant cockroaches
  9 hobgoblins
  3 jackals (D:1)
  6 kobolds
  2 quokkas
  6 frilled lizards
  4 goblins
  8 rats
95 creatures vanquished.

Vanquished Creatures (others)
  A fulminant prism (D:5)
  4 toadstools (D:1)
5 creatures vanquished.

Grand Total: 100 creatures vanquished

Notes
Turn   | Place    | Note
-------+----------+-------------------------------------------
     0 | D:1      | RascalDebosk the Djinni Conjurer began the quest for the
                  | Orb.
     0 | D:1      | RascalDebosk set off with the following spells memorised:
                  | Magic Dart, Searing Ray, Dazzling Flash, Fulminant Prism,
                  | Iskenderun's Mystic Blast.
     0 | D:1      | Reached XP level 1. HP: 15/15 MP: 0/0
   108 | D:1      | Reached XP level 2. HP: 17/22 MP: 0/0
   257 | D:1      | Reached skill level 1 in Fighting
   406 | D:1      | Reached XP level 3. HP: 25/27 MP: 0/0
   406 | D:1      | Learned a level 1 spell: Freeze
   488 | D:1      | Reached skill level 1 in Armour
  1051 | D:2      | Reached XP level 4. HP: 28/33 MP: 0/0
  1310 | D:2      | Found Lapso's Distillery.
  1327 | D:2      | Bought a potion of attraction for 30 gold pieces
  1327 | D:2      | Bought a potion of lignification for 30 gold pieces
  1787 | D:2      | Reached XP level 5. HP: 34/39 MP: 0/0
  1787 | D:2      | Learned a level 2 spell: Blink
  2500 | D:3      | Reached XP level 6. HP: 45/46 MP: 0/0
  2805 | D:4      | Found Durph's Book Shop.
  2999 | D:4      | Reached XP level 7. HP: 5/52 MP: 0/0
  2999 | D:4      | Learned a level 2 spell: Passwall
  3432 | D:5      | Entered Level 5 of the Dungeon
  3629 | D:5      | Found a sparkling altar of Nemelex Xobeh.
  3754 | D:5      | Found a staircase to the Ecumenical Temple.
  3788 | Temple   | Entered the Ecumenical Temple
  4604 | D:5      | Noticed a troll
  4616 | D:5      | Slain by a troll

Illustrated notes

Levels and vault maps discovered:
D:1:      ldierk_walled_garden_2, layout_loops_ring, grunt_decor_mini_mirrors,
          minmay_statues_item, minmay_hexomino_c4
D:2:      layout_basic, serial_shops, shop, minmay_fountain_box,
          minmay_close_crescents
D:3:      layout_loops_corners
D:4:      layout_rooms, serial_shops, nicolae_take_the_stairs
D:5:      layout_loops_corners, nicolae_overflow_crystal_walls,
          minmay_temple_entry_statues, chequers_hall_statues_y
Temple:   nicolae_temple_superstar

Skill      XL: |  1  2  3  4  5  6  7 |
---------------+----------------------+-----
Fighting       | 1 2 3 4 |  4.5
Armour         | 1 2 3 |  3.1
Spellcasting   | 4 |  4.9
Dodging        | |  2.1
Stealth        | |  1.5

Action                     |  1- 3 |  4- 6 |  7- 9 || total
---------------------------+-------+-------+-------++-------
  Melee: Falchion          |       |     1 |       ||     1
         Short sword       |       |    15 |     2 ||    17
   Cast: Magic Dart        |    38 |    53 |    30 ||   121
         Searing Ray       |    10 |    24 |    12 ||    46
         Iskenderun's Myst |       |     1 |     4 ||     5
         Fulminant Prism   |       |       |     1 ||     1
    Use: Scroll            |       |     2 |       ||     2
 Armour: Robe              |     2 |       |       ||     2
         Leather armour    |     1 |    10 |     6 ||    17
  Dodge: Dodged            |     2 |    14 |    18 ||    34
